[Event "ICC tourney 1954 (60 10)"]
[Site "Internet Chess Club"]
[Date "2020.08.08"]
[Round "5"]
[White "Hedwig210"]
[Black "boxingguy2469x"]
[Result "1/2-1/2"]
[ICCResult "Game drawn by mutual agreement"]
[WhiteElo "1002"]
[BlackElo "1215"]
[Opening "Budapest defense declined"]
[ECO "A51"]
[NIC "QG.01"]
[Time "15:17:27"]
[TimeControl "3600+10"]

1. d4 Nf6 2. c4 e5 3. dxe5 Nh5 4. Nf3 g6 5. b3 Nc6 6. Bb2 Bb4+ 7. Nbd2 O-O
8. a3 Be7 9. Qc1 Ng7 10. Qc3 f6 11. exf6 Bxf6 12. Qc2 d6 13. e3 Bg4 14. Be2
Bxb2 15. Qxb2 Bxf3 16. Bxf3 Ne5 17. O-O Qf6 18. Qc2 Nxf3+ 19. Nxf3 Rf7 20.
Qe4 c6 21. Qd4 Ne6 22. Qxd6 Rd8 23. Qg3 Rdf8 24. Qh3 Nc5 25. Rab1 Ne4 26.
Qh4 Qxh4 27. Nxh4 Nd2 28. Rbd1 Nxf1 29. Rxf1 {Game drawn by mutual
agreement} 1/2-1/2

[Event "ICC tourney 1954 (60 10)"]
[Site "Internet Chess Club"]
[Date "2020.08.08"]
[Round "5"]
[White "catseyenebula"]
[Black "joeandjoe28"]
[Result "0-1"]
[ICCResult "White checkmated"]
[WhiteElo "1150"]
[BlackElo "1391"]
[Opening "English opening"]
[ECO "A05"]
[NIC "EO.52"]
[Time "15:17:10"]
[TimeControl "3600+10"]

1. Nf3 Nf6 2. c4 g6 3. Nc3 d5 4. cxd5 Nxd5 5. e3 Bg7 6. Bc4 Nxc3 7. bxc3 O-O
8. O-O c5 9. d4 Nc6 10. Ba3 cxd4 11. cxd4 Qa5 12. Qb3 Qc7 13. Ng5 Nd8 14.
Rac1 Qd7 15. Bb5 Nc6 16. d5 Qf5 17. Nxf7 Na5 18. Qa4 b6 19. Be8 Bb7 20. Bxe7
Rfxe8 21. Nd6 Qxd5 22. Nxe8 Qxg2# {White checkmated} 0-1

[Event "ICC tourney 1954 (60 10)"]
[Site "Internet Chess Club"]
[Date "2020.08.08"]
[Round "5"]
[White "worldcupgirl"]
[Black "FischerInThe90s"]
[Result "1-0"]
[ICCResult "Black checkmated"]
[WhiteElo "1381"]
[BlackElo "1124"]
[Opening "Petrov: Cozio (Lasker) attack"]
[ECO "C42"]
[NIC "RG.03"]
[Time "15:17:43"]
[TimeControl "3600+10"]

1. e4 e5 2. Nf3 Nf6 3. Nxe5 d6 4. Nf3 Nxe4 5. Qe2 Qe7 6. d4 d5 7. g3 Bg4 8.
Bg2 Nc6 9. O-O Nxd4 10. Qd3 Nxf3+ 11. Bxf3 Bxf3 12. Qxf3 Qf6 13. Qb3 Qc6 14.
Re1 Bc5 15. Qf3 O-O-O 16. Be3 Bxe3 17. Rxe3 Qxc2 18. Re2 Qc6 19. Nd2 Rde8
20. Nxe4 dxe4 21. Qxf7 Qf6 22. Qc4 Rhf8 23. Rc1 Rf7 24. Qa4 c6 25. Qxa7 e3
26. Qa8+ Kc7 27. Qxe8 exf2+ 28. Kf1 Qf3 29. Qe5+ Kb6 30. Qe3+ Qxe3 31. Rxe3
Kb5 32. Re2 c5 33. Rxf2 Rxf2+ 34. Kxf2 Kb4 35. Re1 b5 36. Ke2 c4 37. Kd2 Ka4
38. Kc3 b4+ 39. Kxc4 g5 40. Re7 g4 41. Ra7# {Black checkmated} 1-0

[Event "ICC tourney 1954 (60 10)"]
[Site "Internet Chess Club"]
[Date "2020.08.08"]
[Round "5"]
[White "pvegesana"]
[Black "arjunbupeshnath"]
[Result "1-0"]
[ICCResult "Black checkmated"]
[WhiteElo "1372"]
[BlackElo "910"]
[Opening "Two knights defense"]
[ECO "C58"]
[NIC "KP.01"]
[Time "15:16:39"]
[TimeControl "3600+10"]

1. e4 e5 2. Nf3 Nc6 3. Bc4 Nf6 4. Ng5 d5 5. exd5 Na5 6. Bb5+ c6 7. dxc6 bxc6
8. Ba4 Bd7 9. d3 c5 10. Bxd7+ Qxd7 11. Qf3 Rb8 12. Nc3 h6 13. Nge4 Be7 14.
O-O O-O 15. Qg3 Nxe4 16. Nxe4 Qe6 17. f4 Qg6 18. Qe1 Nc6 19. f5 Qh7 20. f6
Bd8 21. fxg7 Qxg7 22. Rf3 Kh7 23. Rh3 Nd4 24. Rxh6+ Kg8 25. Rh3 Nf5 26. Qf2
Qg6 27. Qf3 Nd4 28. Qf2 Nf5 29. Bd2 c4 30. Rf1 Bb6 31. Be3 Nxe3 32. Rxe3 Qh6
33. Qg3+ Kh8 34. Qxe5+ Kg8 35. Nf6+ Kh8 36. d4 Rfe8 37. Nxe8+ Kg8 38. Rg3+
Kf8 39. Qxb8 Bxd4+ 40. Kh1 Qe6 41. Ng7+ Ke7 42. Nxe6 Kxe6 43. Qe8+ Kd5 44.
Qxf7+ Kc5 45. Rg5+ Kd6 46. Rf6+ Bxf6 47. Qxf6+ Kd7 48. Rg7+ Ke8 49. Qe7#
{Black checkmated}
1-0

[Event "ICC tourney 1954 (60 10)"]
[Site "Internet Chess Club"]
[Date "2020.08.08"]
[Round "5"]
[White "minecraftchess"]
[Black "srinandasai12"]
[Result "0-1"]
[ICCResult "White resigns"]
[WhiteElo "893"]
[BlackElo "1134"]
[Opening "Sicilian"]
[ECO "B50"]
[NIC "SI.01"]
[Time "15:16:58"]
[TimeControl "3600+10"]

1. e4 c5 2. Nf3 d6 3. Bc4 Nf6 4. Nc3 e6 5. O-O Be7 6. d3 O-O 7. d4 cxd4 8.
Nxd4 a6 9. Nf3 b5 10. Bb3 b4 11. Ne2 Nxe4 12. c3 bxc3 13. bxc3 Nf6 14. Bf4
Nc6 15. Bc2 d5 16. Ned4 Nxd4 17. cxd4 Bd6 18. Bg5 Be7 19. Ne5 Bd7 20. Re1
Bb5 21. Re3 Nd7 22. Nxd7 Qxd7 23. Bf4 Rfc8 24. Rh3 g6 25. Rc1 Bf6 26. Qg4 e5
27. Qxd7 Bxd7 28. dxe5 Bxh3 29. exf6 Bf5 30. Bxf5 Rxc1+ 31. Bxc1 gxf5 32. g3
Rc8 33. Bg5 Rc2 34. a3 Rc3 35. a4 Ra3 36. h4 Rxa4 37. f3 h5 38. g4 fxg4 39.
fxg4 Rxg4+ {White resigns} 0-1

[Event "ICC tourney 1954 (60 10)"]
[Site "Internet Chess Club"]
[Date "2020.08.08"]
[Round "5"]
[White "neo898913"]
[Black "alphablitz"]
[Result "1-0"]
[ICCResult "Black checkmated"]
[WhiteElo "1024"]
[BlackElo "716"]
[Opening "Four knights: Scotch, 4...exd4"]
[ECO "C47"]
[NIC "KP.06"]
[Time "15:17:13"]
[TimeControl "3600+10"]

1. e4 e5 2. Nf3 Nc6 3. Nc3 Nf6 4. d4 exd4 5. Nxd4 Nxd4 6. Qxd4 d6 7. Bg5 Be7
8. O-O-O O-O 9. Qe3 Bg4 10. f3 Be6 11. Kb1 Nd7 12. h4 Ne5 13. Be2 Nc4 14.
Bxc4 Bxc4 15. Bxe7 Qxe7 16. g4 f6 17. h5 h6 18. Nd5 Qd8 19. Qd4 Be2 20. Rd2
Bb5 21. Nf4 Re8 22. Qd5+ Kh8 23. Ng6+ Kh7 24. Qxb5 b6 25. Rg2 a6 26. Qf5 Kg8
27. f4 c5 28. g5 fxg5 29. fxg5 hxg5 30. Rxg5 Qc8 31. Qd5+ Qe6 32. Qxe6+ Rxe6
33. Re1 Rae8 34. e5 dxe5 35. Rgxe5 Rxe5 36. Rxe5 Rxe5 37. Nxe5 Kh7 38. Kc1
Kh6 39. Kd2 Kxh5 40. Ke3 Kg5 41. Ke4 Kh4 42. Kf4 g5+ 43. Kf3 a5 44. a4 Kh3
45. Ke4 g4 46. Nxg4 Kxg4 47. Kd5 Kf4 48. Kc6 Ke4 49. Kxb6 Kd4 50. Kb5 c4 51.
Kxa5 Ke3 52. Kb4 Kd4 53. a5 Kd5 54. Kb5 Kd6 55. Kxc4 Kc6 56. b4 Kb7 57. Kd5
Ka6 58. c4 Kb7 59. b5 Ka7 60. c5 Kb7 61. c6+ Ka7 62. b6+ Ka8 63. c7 Kb7 64.
a6+ Kc8 65. b7+ Kxc7 66. Kc5 Kb8 67. Kd6 Ka7 68. Kd7 Kb8 69. Kd8 Ka7 70. Kc8
Kxa6 71. b8=Q Ka5 72. Kc7 Ka4 73. Kc6 Ka3 74. Kc5 Ka2 75. Kc4 Ka1 76. Kc3
Ka2 77. Qb2# {Black checkmated} 1-0

[Event "ICC tourney 1954 (60 10)"]
[Site "Internet Chess Club"]
[Date "2020.08.08"]
[Round "5"]
[White "temporarydanger"]
[Black "AnandVinod"]
[Result "0-1"]
[ICCResult "White checkmated"]
[WhiteElo "1167"]
[BlackElo "1350"]
[Opening "Ruy Lopez: Anderssen variation"]
[ECO "C77"]
[NIC "RL.12"]
[Time "15:16:51"]
[TimeControl "3600+10"]

1. e4 e5 2. Nf3 Nc6 3. Bb5 a6 4. Ba4 Nf6 5. d3 b5 6. Bb3 Bc5 7. Be3 Ba7 8.
O-O O-O 9. Qd2 d6 10. Bg5 Be6 11. Nc3 Na5 12. Bd5 c6 13. b4 cxd5 14. exd5
Bg4 15. bxa5 Bxf3 16. gxf3 Bd4 17. Ne4 Nxe4 18. fxe4 f6 19. c3 Qxa5 20. Rac1
fxg5 21. Qxg5 Bxc3 22. Kh1 Bd2 23. Qe7 Bxc1 24. Rxc1 Qd2 25. Rc7 Qe1+ 26.
Kg2 Qxf2+ 27. Kh3 Qf3+ 28. Kh4 Rf4+ 29. Kg5 Qg4# {White checkmated} 0-1

[Event "ICC tourney 1954 (60 10)"]
[Site "Internet Chess Club"]
[Date "2020.08.08"]
[Round "5"]
[White "amdink"]
[Black "ChessMstr"]
[Result "1-0"]
[ICCResult "Black checkmated"]
[WhiteElo "1096"]
[BlackElo "1199"]
[Opening "Caro-Kann: Panov-Botvinnik attack"]
[ECO "B13"]
[NIC "CK.03"]
[Time "15:16:33"]
[TimeControl "3600+10"]

1. e4 c6 2. d4 d5 3. exd5 cxd5 4. c4 Nf6 5. Nc3 Nc6 6. Nf3 Bg4 7. Be2 e6 8.
O-O Be7 9. h3 Bh5 10. cxd5 Nxd5 11. Ne5 Bxe2 12. Qxe2 Nxd4 13. Qg4 Nf5 14.
Qa4+ Kf8 15. Nxd5 exd5 16. Rd1 Bf6 17. Nd7+ Ke7 18. Re1+ Be5 19. Rxe5+ Kd6
20. Bf4 Qxd7 21. Rxd5+ Ke7 22. Qxd7+ Kf8 23. Rxf5 g6 24. Qxf7#
{Black checkmated}
1-0

[Event "ICC tourney 1954 (60 10)"]
[Site "Internet Chess Club"]
[Date "2020.08.08"]
[Round "5"]
[White "Locolobomofo"]
[Black "Mikanikal"]
[Result "0-1"]
[ICCResult "White checkmated"]
[WhiteElo "106"]
[BlackElo "1268"]
[Opening "King's pawn opening"]
[ECO "B07"]
[NIC "VO.17"]
[Time "15:16:50"]
[TimeControl "3600+10"]

1. e4 d6 2. Nc3 Nf6 3. g3 g6 4. Bg2 Bg7 5. d3 O-O 6. Bd2 c5 7. Qc1 Nc6 8.
Nf3 a6 9. O-O b5 10. b3 Nd7 11. Ng5 b4 12. Ne2 Bxa1 13. Qxa1 e5 14. f4 Qf6
15. c3 a5 16. fxe5 Qxe5 17. d4 Qe7 18. a3 Bb7 19. e5 dxe5 20. d5 Nd8 21. d6
Qxd6 22. Bxb7 Nxb7 23. Nf3 Qe6 24. c4 Nd6 25. Kg2 a4 26. Bh6 Nf5 27. Ng5 Qe7
28. Bxf8 Nxf8 29. Qc1 Ne6 30. h4 axb3 31. g4 Nxh4+ 32. Kg3 Nxg5 33. Kxh4
Nf3+ 34. Kg3 Nd4 35. Nxd4 exd4 36. axb4 cxb4 37. Qb2 Qe3+ 38. Kh4 h6 39. c5
g5+ 40. Kh5 Qh3# {White checkmated} 0-1

[Event "ICC tourney 1954 (60 10)"]
[Site "Internet Chess Club"]
[Date "2020.08.08"]
[Round "5"]
[White "AD-chess"]
[Black "BabyCheeks25"]
[Result "0-1"]
[ICCResult "White checkmated"]
[WhiteElo "1066"]
[BlackElo "932"]
[Opening "Queen's pawn"]
[ECO "A40"]
[NIC "QO.17"]
[Time "15:16:53"]
[TimeControl "3600+10"]

1. d4 c6 2. Nf3 d5 3. e3 Bf5 4. b3 Nf6 5. Bb2 e6 6. Nbd2 Be7 7. Be2 O-O 8.
O-O Nbd7 9. c4 Ne4 10. Rc1 Ndf6 11. Ne5 Bb4 12. Ndf3 Nd7 13. c5 Rc8 14. a3
Ba5 15. b4 Bc7 16. Nd3 Re8 17. Nf4 Ng5 18. Nd2 Ne4 19. b5 cxb5 20. Bxb5 Rf8
21. c6 bxc6 22. Rxc6 Nb6 23. Nxe4 Bxe4 24. f3 Bxf4 25. Rxc8 Bxe3+ 26. Kh1
Qxc8 27. fxe4 dxe4 28. Re1 Bg5 29. Rxe4 Nc4 30. Bc1 Bxc1 31. Qxc1 Qb7 32. d5
exd5 33. Rxc4 dxc4 34. Qxc4 Qe7 35. Qc1 Rd8 36. h3 Qd6 37. Qe3 Qb6 38. Qxb6
axb6 39. a4 Rd2 40. Kh2 h6 41. Kh1 g5 42. Kh2 Kg7 43. Kh1 Ra2 44. Kh2 Rb2
45. Kh1 f5 46. Kh2 Kf6 47. Kh1 h5 48. Kh2 h4 49. Kh1 Ke5 50. Kh2 Kf4 51. Kh1
Kg3 52. Bc6 Rb1# {White checkmated} 0-1

[Event "ICC tourney 1954 (60 10)"]
[Site "Internet Chess Club"]
[Date "2020.08.08"]
[Round "5"]
[White "djc403"]
[Black "WizardY"]
[Result "1-0"]
[ICCResult "Black checkmated"]
[WhiteElo "1317"]
[BlackElo "909"]
[Opening "Sicilian defense"]
[ECO "B20"]
[NIC "SI.48"]
[Time "15:17:27"]
[TimeControl "3600+10"]

1. e4 c5 2. Bc4 d6 3. h3 Nf6 4. Nc3 g6 5. Nf3 Bg7 6. d3 O-O 7. O-O Nc6 8.
Be3 Bd7 9. Qd2 a6 10. a4 Rb8 11. Bh6 Nb4 12. Bxg7 Kxg7 13. Ng5 b5 14. axb5
axb5 15. Bb3 Ra8 16. Rxa8 Qxa8 17. f4 h6 18. Nxf7 c4 19. dxc4 Rxf7 20. cxb5
Rf8 21. e5 Qa7+ 22. Kh1 Nh5 23. Kh2 dxe5 24. Na4 Bxb5 25. Ra1 Rxf4 26. Qc3
Qb8 27. Nc5 Rf2 28. Qxb4 Rxg2+ 29. Kh1 Ng3+ 30. Kxg2 Bc6+ 31. Kxg3 Qxb4 32.
Ne6+ Kh8 33. Rf1 g5 34. Rf8+ Kh7 35. Rf7+ Kg6 36. Nf8+ Kh5 37. Be6 Qb3+ 38.
cxb3 e4 39. Bg4# {Black checkmated} 1-0

[Event "ICC tourney 1954 (60 10)"]
[Site "Internet Chess Club"]
[Date "2020.08.08"]
[Round "5"]
[White "PirateKing"]
[Black "JCJ2018"]
[Result "0-1"]
[ICCResult "White resigns"]
[WhiteElo "841"]
[BlackElo "1004"]
[Opening "Queen's pawn, Mason variation"]
[ECO "D00"]
[NIC "QP.08"]
[Time "15:16:35"]
[TimeControl "3600+10"]

1. d4 d5 2. Bf4 c6 3. Nf3 Bg4 4. Nbd2 Bxf3 5. Nxf3 Nf6 6. e3 Nbd7 7. Bd3 h6
8. h3 e6 9. O-O Qb6 10. Rb1 c5 11. dxc5 Nxc5 12. Be2 Bd6 13. Bxd6 Qxd6 14.
Bb5+ Ncd7 15. Nd4 O-O 16. Qe2 a6 17. Bxd7 Nxd7 18. Qg4 Nf6 19. Qf3 Ne4 20.
Rfd1 Ng5 21. Qe2 e5 22. Nf5 Qf6 23. Ng3 Rad8 24. Nh5 Qg6 25. c3 Nxh3+ 26.
Kh2 Nxf2 27. Qxf2 Qxh5+ 28. Kg1 Rfe8 29. Rf1 Re6 30. Rbd1 Rf6 31. Qg3 Rxf1+
32. Rxf1 Qg5 33. Qf2 Qg6 34. Qh4 Rd6 35. Qb4 Rb6 36. Qa3 Qe4 37. b4 Qxe3+
38. Rf2 Rf6 39. Qb2 Qxf2+ 40. Qxf2 Rxf2 41. Kxf2 Kf8 42. g4 g5 43. Ke3 Ke7
44. a4 Kd6 45. a5 Kc6 46. Kf3 Kb5 47. Ke3 Kc4 48. Kd2 d4 49. Kc2 dxc3 50.
Kc1 Kb3 51. b5 axb5 52. a6 bxa6 53. Kb1 c2+ 54. Kc1 a5 55. Kd2 Kb2 56. Kd3
c1=Q 57. Ke4 Qf4+ 58. Kd5 Qxg4 59. Kxe5 Qf3 60. Kd6 Qe4 61. Kc7 Qd5 62. Kb6
b4 63. Ka6 a4 64. Kb6 Qc4 65. Kb7 Qc5 66. Kb8 Qc6 67. Ka7 Kc3 68. Kb8 Kc4
69. Ka7 Qb5 70. Ka8 Kc5 71. Ka7 Kc6 {White resigns} 0-1

[Event "ICC tourney 1954 (60 10)"]
[Site "Internet Chess Club"]
[Date "2020.08.08"]
[Round "5"]
[White "lerui"]
[Black "bryantan2010"]
[Result "1-0"]
[ICCResult "Black checkmated"]
[WhiteElo "148"]
[BlackElo "1073"]
[Opening "Four knights: Italian variation"]
[ECO "C55"]
[NIC "IG.01"]
[Time "15:16:50"]
[TimeControl "3600+10"]

1. e4 e5 2. Nf3 Nc6 3. Bc4 Nf6 4. Nc3 Nxe4 5. Nxe4 d5 6. d3 dxc4 7. dxc4
Qxd1+ 8. Kxd1 Bg4 9. Ke2 Nd4+ 10. Kd3 Nxf3 11. gxf3 Bxf3 12. Re1 Be7 13. Ng3
O-O-O+ 14. Kc3 Bf6 15. Kb3 e4 16. Bf4 Rhe8 17. Be3 Rd6 18. Nf5 Rc6 19. c3
Bg4 20. Nd4 Bxd4 21. Bxd4 f5 22. Bxg7 Rd8 23. Rac1 Rd2 24. Bd4 Bh5 25. Rg1
b6 26. Be3 Re2 27. Rce1 a5 28. Rxe2 Bxe2 29. Rg7 Bxc4+ 30. Ka3 b5 31. Rxh7
Be2 32. h4 Rd6 33. h5 Rd7 34. Rxd7 Kxd7 35. h6 Bd1 36. h7 Kd6 37. h8=Q c5
38. Qd8+ Ke5 39. Qxd1 c4 40. Qd4+ Ke6 41. Bg5 e3 42. Qf6+ Kd5 43. fxe3 Kc5
44. Qxf5+ Kd6 45. e4 Kc6 46. e5 Kd5 47. e6+ Kd6 48. e7 Kc6 49. e8=Q+ Kd6 50.
Qfd7+ Kc5 51. Qec8+ Kb6 52. Qdb7# {Black checkmated} 1-0

[Event "ICC tourney 1954 (60 10)"]
[Site "Internet Chess Club"]
[Date "2020.08.08"]
[Round "5"]
[White "Outschoorn"]
[Black "RONAKSHERGIL"]
[Result "1-0"]
[ICCResult "Black checkmated"]
[WhiteElo "1178"]
[BlackElo "897"]
[Opening "Bishop's opening: Berlin defense"]
[ECO "C24"]
[NIC "IG.04"]
[Time "15:23:46"]
[TimeControl "3600+10"]

1. e4 e5 2. Bc4 Nf6 3. d3 Nc6 4. Bg5 Be7 5. Qf3 Nd4 6. Qd1 d6 7. c3 Nc6 8.
Qf3 Bg4 9. Qe3 h6 10. Bh4 Bd7 11. Ne2 Ng4 12. Bxf7+ Kxf7 13. Qf3+ Nf6 14.
Bxf6 Bxf6 15. O-O Qe7 16. Ng3 Raf8 17. Qh5+ Kg8 18. f4 Qf7 19. Qxf7+ Rxf7
20. fxe5 Bxe5 21. Rxf7 Kxf7 22. Nd2 Bf4 23. Nc4 Bxg3 24. hxg3 Ke7 25. d4 Rf8
26. d5 Ne5 27. Nxe5 dxe5 28. c4 b5 29. c5 c6 30. d6+ Kd8 31. b4 Be6 32. a4
a6 33. axb5 axb5 34. Ra8+ Bc8 35. Ra7 Rg8 36. Rc7 Bd7 37. Ra7 g5 38. Ra8+
Bc8 39. Kh2 Rg7 40. g4 Rb7 41. Kg3 Rh7 42. Ra1 h5 43. gxh5 Rxh5 44. Ra7 Rh4
45. Kf3 Rf4+ 46. Ke3 Rh4 47. Re7 Rh2 48. g3 Rh3 49. Kf2 Rh2+ 50. Ke3 Rb2 51.
Rxe5 Rxb4 52. Rxg5 Kd7 53. Rg7+ Ke6 54. Kf4 Rc4 55. Re7+ Kf6 56. g4 Rxc5 57.
e5+ Kg6 58. d7 Bxd7 59. Rxd7 b4 60. e6 Kf6 61. e7 Kf7 62. g5 Ke8 63. Rb7 Rb5
64. Ra7 b3 65. g6 b2 66. g7 Kf7 67. g8=Q+ Kf6 68. Qh8+ Kg6 69. e8=Q#
{Black checkmated}
1-0

[Event "ICC tourney 1954 (60 10)"]
[Site "Internet Chess Club"]
[Date "2020.08.08"]
[Round "5"]
[White "kushagra12"]
[Black "JerryZhu"]
[Result "0-1"]
[ICCResult "White resigns"]
[WhiteElo "791"]
[BlackElo "1167"]
[Opening "Sicilian: dragon variation"]
[ECO "B70"]
[NIC "SI.15"]
[Time "15:17:27"]
[TimeControl "3600+10"]

1. e4 c5 2. Nf3 d6 3. d4 cxd4 4. Nxd4 Nf6 5. Nc3 g6 6. Be2 Bg7 7. Bg5 O-O 8.
O-O Nc6 9. Nxc6 bxc6 10. Bf3 Bd7 11. h3 Rb8 12. Bxf6 Bxf6 13. Rb1 Qc7 14.
Qd2 Rb7 15. b3 Qa5 16. e5 Bxe5 17. Ne4 Qxd2 18. Nxd2 d5 19. Rfe1 Bc3 20.
Rbd1 e5 21. Re2 e4 22. Bg4 f5 23. Re3 Bxd2 24. Rxd2 fxg4 25. hxg4 Bxg4 26.
Rg3 Bf5 27. Rc3 Rc8 28. Re2 Rb4 29. a3 Rb7 30. f3 d4 31. Rc4 d3 32. Rd2 dxc2
33. fxe4 Be6 34. Rcxc2 Bxb3 35. Rb2 c5 36. Kf2 c4 37. Ke3 c3 {White resigns}
0-1

[Event "ICC tourney 1954 (60 10)"]
[Site "Internet Chess Club"]
[Date "2020.08.08"]
[Round "5"]
[White "Gnanathan"]
[Black "haarim"]
[Result "0-1"]
[ICCResult "White resigns"]
[WhiteElo "1369"]
[BlackElo "1226"]
[Opening "French: advance, Paulsen attack"]
[ECO "C02"]
[NIC "FR.03"]
[Time "15:17:27"]
[TimeControl "3600+10"]

1. e4 e6 2. d4 d5 3. e5 c5 4. c3 Nc6 5. Nf3 Qb6 6. Qb3 Qxb3 7. axb3 cxd4 8.
Nxd4 Nxe5 9. Nb5 Kd7 10. Rxa7 Rxa7 11. Nxa7 Bc5 12. Bf4 Ng4 13. Bb5+ Kd8 14.
Nxc8 Nxf2 15. Rf1 Kxc8 16. Rxf2 Bxf2+ 17. Kxf2 Nf6 18. Nd2 Nh5 19. Bd6 Nf6
20. Be7 Ne8 21. Bxe8 Rxe8 22. Bb4 Kc7 23. Nf3 f6 24. Nd4 Kb6 25. Ke3 g6 26.
g4 e5 27. Nf3 Kb5 28. h4 d4+ 29. Kd3 e4+ 30. Ke2 exf3+ 31. Kxf3 d3 32. c4+
Kxb4 {White resigns} 0-1

[Event "ICC tourney 1954 (60 10)"]
[Site "Internet Chess Club"]
[Date "2020.08.08"]
[Round "5"]
[White "Aidenmaps"]
[Black "lemonbar"]
[Result "0-1"]
[ICCResult "White checkmated"]
[WhiteElo "923"]
[BlackElo "1070"]
[Opening "Queen's gambit declined"]
[ECO "D30"]
[NIC "QP.08"]
[Time "15:17:12"]
[TimeControl "3600+10"]

1. d4 d5 2. c4 e6 3. Bf4 Nf6 4. e3 Be7 5. Nf3 Nbd7 6. Bd3 O-O 7. O-O b6 8.
Qc2 Bb7 9. Ng5 g6 10. h4 Re8 11. Qe2 h5 12. Qc2 Bf8 13. f3 Bg7 14. Qe2 dxc4
15. Bxc4 Bd5 16. Bd3 e5 17. dxe5 Nxe5 18. Bxe5 Rxe5 19. f4 Re8 20. f5 Be4
21. Bxe4 Nxe4 22. Nxe4 Rxe4 23. fxg6 fxg6 24. Qf3 Re7 25. Nc3 Bxc3 26. Rad1
Qf8 27. Qxf8+ Rxf8 28. Rxf8+ Kxf8 29. Rf1+ Rf7 30. Rxf7+ Kxf7 31. bxc3 Ke6
32. Kf2 Ke5 33. Kf3 a5 34. a4 c6 35. g4 hxg4+ 36. Kxg4 Kf6 37. e4 b5 38.
axb5 cxb5 39. e5+ Kxe5 40. Kg5 a4 41. Kxg6 a3 42. h5 a2 43. h6 a1=Q 44. h7
Qa8 45. Kg7 Kd5 46. h8=Q Qxh8+ 47. Kxh8 Kc4 48. Kg7 Kxc3 49. Kf6 b4 50. Ke5
b3 51. Kd6 b2 52. Ke6 b1=Q 53. Ke7 Qb6 54. Kd7 Kc4 55. Ke7 Qc6 56. Kf7 Qe4
57. Kf8 Qe6 58. Kg7 Kd4 59. Kf8 Qd7 60. Kg8 Qe7 61. Kh8 Ke5 62. Kg8 Kf6 63.
Kh8 Qg7# {White checkmated} 0-1

[Event "ICC tourney 1954 (60 10)"]
[Site "Internet Chess Club"]
[Date "2020.08.08"]
[Round "5"]
[White "shawnchicken"]
[Black "potatos22"]
[Result "0-1"]
[ICCResult "White checkmated"]
[WhiteElo "1221"]
[BlackElo "960"]
[Opening "Grünfeld: 5.Bg5"]
[ECO "D91"]
[NIC "GI.08"]
[Time "15:17:14"]
[TimeControl "3600+10"]

1. d4 Nf6 2. c4 g6 3. Nc3 d5 4. Bg5 Bg7 5. Nf3 O-O 6. e3 Bg4 7. h3 Bf5 8.
Be2 Nc6 9. O-O h6 10. Bxf6 Bxf6 11. Nxd5 Bg7 12. Nc3 Qd6 13. Nb5 Qd8 14. Nc3
Rc8 15. e4 Bd7 16. d5 Ne5 17. Nxe5 Bxe5 18. Qd2 Bg7 19. Rfd1 c6 20. Qc2 cxd5
21. Rxd5 Qc7 22. Rd2 Be6 23. Nd5 Bxd5 24. exd5 b5 25. Rc1 bxc4 26. Bxc4 Qd7
27. Qd3 Rfd8 28. Re1 Qd6 29. Rde2 Rd7 30. Bb3 Rdc7 31. Qf3 Re8 32. Qg4 Rb7
33. Qa4 Rd8 34. Qc6 Rc7 35. Qxd6 exd6 36. Re8+ Rxe8 37. Rxe8+ Kh7 38. Rd8
Be5 39. Ba4 Rc1+ 40. Bd1 Rxd1# {White checkmated} 0-1

[Event "ICC tourney 1954 (60 10)"]
[Site "Internet Chess Club"]
[Date "2020.08.08"]
[Round "5"]
[White "aslan777"]
[Black "nguyencaptures"]
[Result "1/2-1/2"]
[ICCResult "Game drawn because neither player has mating material"]
[WhiteElo "503"]
[BlackElo "1116"]
[Opening "Queen's pawn game"]
[ECO "D02"]
[NIC "QP.08"]
[Time "15:17:15"]
[TimeControl "3600+10"]

1. d4 d5 2. Nf3 Bf5 3. Bf4 Nf6 4. e3 e6 5. Bd3 Bxd3 6. cxd3 Nc6 7. O-O Be7
8. h3 O-O 9. Nc3 Qd7 10. Re1 Rac8 11. e4 dxe4 12. Nxe4 Nxe4 13. dxe4 Rfd8
14. Ne5 Nxe5 15. Bxe5 Qb5 16. b3 c5 17. d5 exd5 18. exd5 Bd6 19. Qg4 Bxe5
20. Rxe5 c4 21. bxc4 Qxc4 22. Qxc4 Rxc4 23. Rae1 Rcc8 24. Re7 Rb8 25. Rd1
Kf8 26. d6 Re8 27. Rc7 a5 28. d7 Red8 29. Rb1 Ke7 30. Rbxb7 Rxb7 31. Rxb7
Rxd7 32. Rb5 Ra7 33. a4 Kd6 34. Kf1 Kc6 35. Ke2 g6 36. f4 f5 37. g4 fxg4 38.
hxg4 Kd7 39. f5 gxf5 40. Rxf5 Ke6 41. Rh5 Kf6 42. Kf3 Kg6 43. Rb5 h6 44. Ke4
Kf6 45. Kd4 Ra6 46. Kc5 Kg5 47. Rb6 Ra7 48. Kb5 Ra8 49. Ra6 Rxa6 50. Kxa6
Kxg4 51. Kxa5 h5 52. Kb6 h4 53. a5 h3 54. a6 h2 55. Kc7 h1=Q 56. Kb8 Qb1+
57. Ka8 Kf5 58. a7 Qh1+ 59. Kb8 Qh8+ 60. Kb7 Qg7+ 61. Kb8 Qf8+ 62. Kb7 Qe7+
63. Kb8 Qd8+ 64. Kb7 Qd5+ 65. Kb8 Qd6+ 66. Kb7 Qb4+ 67. Ka8 Qa5 68. Kb8 Qb6+
69. Ka8 Qc6+ 70. Kb8 Qe8+ 71. Kb7 Qd7+ 72. Kb8 Qb5+ 73. Ka8 Qf1 74. Kb8 Ke6
75. a8=Q Qf8+ 76. Kb7 Qe7+ 77. Ka6 Qd6+ 78. Ka7 Qc7+ 79. Qb7 Qc5+ 80. Qb6+
Qxb6+ 81. Kxb6 {Game drawn because neither player has mating material}
1/2-1/2

[Event "ICC tourney 1954 (60 10)"]
[Site "Internet Chess Club"]
[Date "2020.08.08"]
[Round "5"]
[White "Kfprasanna"]
[Black "guyd52"]
[Result "1-0"]
[ICCResult "Black resigns"]
[WhiteElo "1349"]
[BlackElo "976"]
[Opening "Pirc: classical (two knights) system"]
[ECO "B06"]
[NIC "PU.10"]
[Time "15:17:19"]
[TimeControl "3600+10"]

1. e4 g6 2. d4 d6 3. Nf3 Bg7 4. Nc3 Nf6 5. Bg5 c6 6. h3 O-O 7. Bd3 Nbd7 8.
O-O e5 9. dxe5 Nxe5 10. Nxe5 dxe5 11. Qf3 Qd6 12. Rad1 b5 13. Bxb5 Qe6 14.
Bd3 h6 15. Bxf6 Qxf6 16. Qxf6 Bxf6 17. Bc4 Bb7 18. Rd6 Kg7 19. Rfd1 Rad8 20.
Rxd8 Rxd8 21. Rxd8 Bxd8 22. Na4 Be7 23. a3 c5 24. Nc3 Bc6 25. Bd5 Bd7 26.
Bc4 Bg5 27. f3 Bc1 28. Nd1 f6 29. c3 g5 30. Bb3 Bb5 31. c4 Bc6 32. Bc2 Bd7
33. a4 Bd2 34. b3 Ba5 35. Ne3 Bc7 36. Nd5 Bd8 37. g4 a5 38. Ne3 Kg6 39. Kg2
Bc6 40. Nd5 Bd7 41. Kg3 Be6 42. Ne3 Bc7 43. Ng2 Bd8 44. h4 Be7 45. h5+ Kh7
46. Kf2 Bd6 47. Ne3 Bc7 48. Nd5 Bd8 49. Ke3 Kg7 50. Kd3 Kf7 51. Kc3 Ke8 52.
Ne3 Be7 53. Kb2 Kd8 54. Nd5 Kc8 55. Nxe7+ {Black resigns} 1-0

[Event "ICC tourney 1954 (60 10)"]
[Site "Internet Chess Club"]
[Date "2020.08.08"]
[Round "5"]
[White "lukebugbee"]
[Black "GradyL"]
[Result "1-0"]
[ICCResult "Black checkmated"]
[WhiteElo "921"]
[BlackElo "1035"]
[Opening "Giuoco Pianissimo"]
[ECO "C50"]
[NIC "IG.02"]
[Time "15:17:42"]
[TimeControl "3600+10"]

1. e4 e5 2. Nf3 Nc6 3. Bc4 Bc5 4. d3 Nf6 5. O-O O-O 6. h3 d6 7. Bg5 h6 8.
Bh4 Be6 9. Nbd2 Nd4 10. Nxd4 Bxd4 11. c3 Bb6 12. Bxe6 fxe6 13. a4 a6 14. b4
Ba7 15. Nc4 c5 16. Ne3 cxb4 17. cxb4 b5 18. Ng4 g5 19. Nxf6+ Qxf6 20. Bg3
bxa4 21. Rxa4 Bd4 22. Ra2 Ra7 23. b5 axb5 24. Rxa7 Bxa7 25. Qb3 h5 26. Qxb5
h4 27. Bh2 Bxf2+ 28. Kh1 Qg6 29. Qb4 Bc5 30. Rxf8+ Kxf8 31. Qe1 Qh5 32. Bg1
Bxg1 33. Kxg1 g4 34. Qf2+ Kg8 35. Qe2 Qh6 36. Qxg4+ Kh7 37. Kh2 Qf4+ 38.
Qxf4 exf4 39. Kg1 Kg6 40. Kf2 Kf6 41. d4 e5 42. d5 Ke7 43. Kf3 Kf6 44. Kg4
Kg6 45. Kxh4 Kh6 46. Kg4 Kg6 47. h4 Kf7 48. Kg5 Kg7 49. h5 Kh7 50. h6 Kg8
51. Kf6 Kh7 52. Ke6 Kxh6 53. Kxd6 Kg5 54. Ke6 Kg4 55. d6 Kg3 56. d7 Kxg2 57.
d8=Q f3 58. Qg5+ Kf2 59. Qxe5 Ke2 60. Qh2+ Ke1 61. Qh4+ Ke2 62. e5 f2 63.
Qe4+ Kd2 64. Qf4+ Ke2 65. Kf5 Ke1 66. e6 f1=Q 67. Qxf1+ Kxf1 68. e7 Kf2 69.
e8=Q Kg3 70. Qe3+ Kh2 71. Kf4 Kg2 72. Qa3 Kh1 73. Kg3 Kg1 74. Qc1#
{Black checkmated}
1-0